 Dungeon Crawl Stone Soup version 0.27.1-33-g824d729ab1 (webtiles) character file.

Game seed: 12260270178069646338

46 zeram the Covert (level 3, 0/18 HPs)
             Began as a Spriggan Brigand on Dec 28, 2021.
             Slain by a hobgoblin (4 damage)
             ... on level 2 of the Dungeon.
             The game lasted 00:01:54 (2078 turns).

zeram the Covert (Spriggan Brigand)                 Turns: 2078, Time: 00:01:54

Health: 0/18       AC:  3    Str:  7    XL:     3   Next: 46%
Magic:  4/4        EV: 16    Int: 13    God:
Gold:   11         SH:  0    Dex: 16    Spells: 2/2 levels left

rFire    . . .     SeeInvis +   a - +2 dagger
rCold    . . .     Faith    .   (shield restricted)
rNeg     . . .     Spirit   .   b - +0 robe
rPois    .         Reflect  .   (helmet restricted)
rElec    .         Harm     .   c - +0 cloak
rCorr    .         Rampage  .   (gloves unavailable)
Will     .....                  (boots unavailable)
Stlth    +++.......             (no amulet)
HPRegen  0.06/turn              (no ring)
MPRegen  0.09/turn              (no ring)

@: silenced, very quick
A: very small, no large weapons, unfitting armour, see invisible, speed 3
a: no special abilities


You were on level 2 of the Dungeon.
You visited 1 branch of the dungeon, and saw 2 of its levels.

You collected 11 gold pieces.

Inventory:

Hand Weapons
 a - a +2 dagger (weapon)
Missiles
 d - 7 poisoned darts (quivered)
 e - 2 curare-tipped darts
Armour
 b - a +0 robe (worn)
 c - a +0 cloak (worn)
Jewellery
 i - a ring of ice
Potions
 f - a potion of brilliance {unknown}
 g - a potion of might {unknown}


   Skills:
 - Level 1.5 Fighting
 - Level 2.1 Short Blades
 - Level 2.0 Throwing
 - Level 1.3 Dodging
 + Level 8.0 Stealth


You had 2 spell levels left.
You didn't know any spells.
Your spell library contained the following spells:

 Spells                   Type           Power      Damage    Failure   Level
 Ignite Poison            Fire/Tmut/Pois 0%         N/A       67%         3
 Mephitic Cloud           Conj/Pois/Air  0%         N/A       67%         3
 Bolt of Magma            Conj/Fire/Erth 0%         4d4       100%        5


Dungeon Overview and Level Annotations

Branches:
Dungeon (2/15)

Altars:


Innate Abilities, Weirdness & Mutations

You are very small and have problems with some larger weapons.
You are too small for most types of armour.
You have supernaturally acute eyesight. (SInv)
You cover ground extremely quickly. (Speed+++)


Message History

You are too injured to fight recklessly!
You are too injured to fight recklessly!
You hit the adder.
You kill the adder!
Okay, then.
As you read the scroll labelled YHEKHL MUNKODD, it crumbles to dust.
Your body is wracked with pain!
* * * LOW HITPOINT WARNING * * *
The giant cockroach convulses!
It was a scroll of torment.
As you read the scroll labelled VOSSINEAQU, it crumbles to dust.
A profound silence engulfs you.
It was a scroll of silence.
The giant cockroach barely misses you.
The giant cockroach completely misses you.
You hit the giant cockroach but do no damage.
The giant cockroach is moderately wounded.
The giant cockroach barely misses you.
You hit the giant cockroach.
The giant cockroach is almost dead.
The giant cockroach bites you but does no damage.
You hit the giant cockroach.
You kill the giant cockroach!
Your Stealth skill increases to level 8!
You hit the rat.
You kill the rat!
You closely miss the hobgoblin. The hobgoblin closely misses you.
You hit the hobgoblin but do no damage. You hit the hobgoblin.
The hobgoblin is moderately wounded.
The hobgoblin barely misses you.
You hit the hobgoblin but do no damage.
The hobgoblin is moderately wounded.
The hobgoblin hits you.
* * * LOW HITPOINT WARNING * * *
You hit the hobgoblin.
The hobgoblin is almost dead.
The hobgoblin closely misses you.
You closely miss the hobgoblin.
The hobgoblin is severely wounded.
The hobgoblin hits you.
You die...

#.......# .# #.......#
.# #.......##..
###.......##.#
#...........#.#
#.##........#.#
............#.#
#.##.#.##....#######
.###.##.#@##.#..#<....#
........g.##.#.>#####.#
###.##.#.#.##.......##.#
.........#........#.##.#
#.##.#.#.#.##.....#.##.#
...#...##.....#....#
#..!...#.##.....######
...$..#.#........#
..#........##.#.###


You could see a hobgoblin.

Vanquished Creatures
  An adder (D:2)
  3 dart slugs
  A ball python (D:2)
  2 endoplasms (D:1)
  3 giant cockroaches
  5 hobgoblins (D:1)
  3 jackals (D:1)
  2 kobolds (D:1)
  2 quokkas (D:1)
  3 bats (D:1)
  A goblin (D:1)
  A rat (D:2)
27 creatures vanquished.

Vanquished Creatures (others)
  5 demonic plants (D:1)
  4 fungi (D:1)
  11 plants (D:1)
  2 withered plants (D:1)
22 creatures vanquished.

Grand Total: 49 creatures vanquished

Notes
Turn   | Place    | Note
-------+----------+-------------------------------------------
     0 | D:1      | zeram the Spriggan Brigand began the quest for the Orb.
     0 | D:1      | Reached XP level 1. HP: 10/10 MP: 2/2
    49 | D:1      | Reached skill level 6 in Stealth
   417 | D:1      | Reached XP level 2. HP: 10/14 MP: 3/3
   790 | D:1      | Reached skill level 7 in Stealth
  1342 | D:1      | Found a faded altar of an unknown god.
  1722 | D:1      | Reached XP level 3. HP: 18/18 MP: 4/4
  2072 | D:2      | Reached skill level 8 in Stealth
  2078 | D:2      | Slain by a hobgoblin

Illustrated notes

Levels and vault maps discovered:
D:1:      dpeg_arrival_concentric_ovals, layout_basic,
          shapermc_ecumenical_altar_gd
D:2:      layout_basic, basic_altar, grunt_decor_cap, hangedman_decor_push,
          kennysheep_big_empty_room, minmay_diced_spiral, uniq_terence,
          uniq_natasha

Skill      XL: |  1  2  3 |
---------------+----------+-----
Stealth        | 6 7 8 |  8.0
Fighting       | |  1.5
Short Blades   | |  2.1
Throwing       | |  2.0
Dodging        | |  1.3

Action                   || total
-------------------------++-------
Melee: Dagger            ||   106
Throw: Dart              ||     5
  Use: Scroll            ||     2
 Stab: Sleeping          ||     6
       Distracted        ||     1
Armor: Robe              ||    25
Dodge: Dodged            ||   112
